 Dungeon Crawl Stone Soup version 0.31-a0-234-gad7ace16ef (webtiles) character file.

Game seed: 12531580963294012358

2769 qw the Skirmisher (level 9, -1/57 HPs)
             Began as a Gargoyle Hexslinger on July 9, 2023.
             Was an Initiate of Okawaru.
             Slain by Maggie
             ... wielding a +4 glaive of pain
              (4 damage)
             ... on level 8 of the Dungeon.
             The game lasted 00:02:53 (6427 turns).

qw the Skirmisher (Gargoyle Hexslinger)             Turns: 6427, Time: 00:02:54

Health: -1/57      AC: 15    Str: 12    XL:     9   Next: 69%
Magic:  9/10       EV: 16    Int: 14    God:    Okawaru [......]
Gold:   463        SH:  0    Dex: 16    Spells: 9/10 levels left

rFire   x . .        Y - +5 sling
rCold   . . .        (no shield)
rNeg    + . .        c - +0 leather armour of Inference {Fly rPois rF-}
rPois   inf          d - +2 hat
rElec   +            (no cloak)
rCorr   .            h - +0 pair of gloves
SInv    .            b - +0 pair of boots
Will    .....        (no amulet)
Stlth   +++          (no ring)
HPRegen 0.29/turn    (no ring)
MPRegen 0.12/turn

%: no passive effects
@: heroic, flying, mesmerised
A: sickness immunity, AC +6, negative energy resistance 1, electricity
resistance, torment resistance 1, petrification resistance
a: Renounce Religion


You were on level 8 of the Dungeon.
You worshipped Okawaru.
Okawaru was noncommittal.
You visited 2 branches of the dungeon, and saw 9 of its levels.

You collected 463 gold pieces.


Innate Abilities, Weirdness & Mutations

You are immune to sickness and miasma.
Your stone body is resilient. (AC +6)
You are immune to poison.
You resist negative energy. (rN+)
You are resistant to electric shocks. (rElec)
You are resistant to unholy torment.
You are immune to petrification.


   Skills:
 - Level 7.0(12.0) Fighting
 + Level 10.0(15.0) Ranged Weapons
 - Level 3.6(8.6) Armour
 - Level 3.2(8.2) Dodging
 - Level 1.0 Spellcasting
 - Level 2.6 Hexes
 - Level 2.6 Invocations


You had 9 spell levels left.
You knew the following spells:

 Your Spells              Type           Power      Damage    Failure   Level
a - Slow                  Hex            32%        N/A       11%         1

Your spell library contained the following spells:

 Spells                   Type           Power      Damage    Failure   Level
 Inner Flame              Hex/Fire       4%         N/A       50%         3
 Portal Projectile        Hex/Tloc       8%         N/A       50%         3
 Cause Fear               Hex            4%         N/A       71%         4

Inventory:

Hand Weapons
 Y - a +5 sling (weapon)
Armour
 b - a +0 pair of boots (worn)
 c - the +0 leather armour of Inference (worn) {Fly rPois rF-}
   (You found it on level 7 of the Dungeon)

   rF:        It makes you vulnerable to fire.
   rPois:     It protects you from poison.
   Fly:       It grants you flight.
 d - a +2 hat (worn)
 f - a +0 ring mail
 h - a +0 pair of gloves (worn)
Scrolls
 e - a scroll of identify
Potions
 g - a potion of cancellation
 i - a potion of ambrosia {unknown}
 j - a potion of magic {unknown}
 k - 2 potions of curing
 m - a potion of might {unknown}

Dungeon Overview and Level Annotations

Branches:
Dungeon (8/15)             Temple (1/1) D:4
   Lair: D:8-11

Altars:
Ashenzari
Dithmenos
Elyvilon
Fedhas
Gozag
Makhleb
Nemelex Xobeh
Okawaru
Qazlal
Ru
Sif Muna
Trog
Uskayaw
Vehumet
Xom
Zin
The Shining One

Annotations:
D:4 2 transporters
D:7 3 runed translucent doors, qw's ghost, novice MiHs
D:8 Maggie


Message History

Okawaru accepts your kill. Maggie completely misses you.
You shoot a sling bullet. The sling bullet hits the ice beast!
The ice beast is moderately wounded.
You shoot a sling bullet. The sling bullet hits the ice beast!
The ice beast is severely wounded.
The ice beast misses you. Maggie hits you but does no damage.
You shoot a sling bullet. The sling bullet hits the ice beast!
You kill the ice beast!
Okawaru accepts your kill.
Maggie hits you from afar with a +4 glaive of pain!
You writhe in agony.
Your base Dodging skill increases to level 3!
You shoot a sling bullet. The sling bullet hits Maggie.
Maggie is lightly wounded.
Maggie misses you.
You shoot a sling bullet. The sling bullet hits Maggie.
Maggie is moderately wounded.
You shoot a sling bullet.
The sling bullet hits Maggie but does no damage.
Maggie is moderately wounded.
Maggie completely misses you.
You shoot a sling bullet. The sling bullet barely misses Maggie.
Maggie points at you and mumbles some strange words.
The bolt of fire hits you! The fire burns you terribly!
You shoot a sling bullet. The sling bullet barely misses Maggie.
Maggie mumbles some strange words.
Maggie draws you further into her thrall.
You shoot a sling bullet.
The sling bullet completely misses Maggie.
You shoot a sling bullet. The sling bullet barely misses Maggie.
Maggie barely misses you.
You shoot a sling bullet. The sling bullet hits Maggie!
Maggie is heavily wounded.
Maggie casts a spell at you. The bolt of fire hits you!
The fire burns you terribly!
You shoot a sling bullet. The sling bullet hits Maggie!
Maggie is severely wounded.
Maggie hits you from afar with a +4 glaive of pain.
You die...

###### ######### ....)#
#.......#
.....####.......########
.....#..........@......#
.........###....#...##.#
.........# ######.@.#
../....(.# .....
######+### ...### ...+
...# ...#


You could see Maggie (mesmerising).

Vanquished Creatures
  Grinder (D:5)
  2 slime creatures (D:5)
  Sigmund (D:2)
  An acid dragon (D:8)
  An ice beast (D:8)
  3 ogres
  2 phantoms
  2 kobold brigands
  2 bullfrogs
  2 scorpions (D:5)
  3 wights (D:6)
  A howler monkey (D:6)
  6 hounds
  5 jellies
  2 orc priests
  2 gnoll boudas (D:6)
  3 sleepcaps
  An iguana (D:6)
  An orc wizard (D:5)
  7 gnolls (D:6)
  8 adders
  A river rat (D:5)
  2 white imps
  An ufetubus (D:4)
  3 worms
  4 dart slugs (D:1)
  17 orcs
  5 ball pythons
  11 endoplasms
  A giant cockroach (D:5)
  4 goblins
  11 hobgoblins
  7 jackals
  2 quokkas
  12 bats
  6 frilled lizards
  23 kobolds
  10 rats
176 creatures vanquished.

Notes
Turn   | Place    | Note
-------+----------+-------------------------------------------
     0 | D:1      | qw the Gargoyle Hexslinger began the quest for the Orb.
     0 | D:1      | Reached XP level 1. HP: 12/12 MP: 2/2
     0 | D:1      | 0 ||| qw: Version: 0.3-a-51-g015441d
     0 | D:1      | 0 ||| qw: Game counter: 4044
     0 | D:1      | 0 ||| qw: Melee chars always use a shield: true
     0 | D:1      | 0 ||| qw: God list: Okawaru
     0 | D:1      | 0 ||| qw: Allow faded altars: false
     0 | D:1      | 0 ||| qw: Do Orc after clearing Dungeon:15 true
     0 | D:1      | 0 ||| qw: Do second Lair branch before Depths: true
     0 | D:1      | 0 ||| qw: Lair rune preference: random
     0 | D:1      | 0 ||| qw: Goals: Normal
     0 | D:1      | 0 ||| PLANNING D:1-11
   138 | D:1      | Reached XP level 2. HP: 16/16 MP: 3/3
   289 | D:1      | Reached skill level 3 in Ranged Weapons
   514 | D:1      | 514 ||| UPGRADING to +0 ring mail.
   519 | D:1      | 519 ||| UPGRADING to +0 ring mail.
   522 | D:1      | 522 ||| UPGRADING to +0 ring mail.
   534 | D:1      | 534 ||| DROPPING +0 robe.
   559 | D:1      | Reached XP level 3. HP: 21/21 MP: 4/4
   805 | D:1      | 805 ||| READING 2 scrolls labelled KIHUUNL CAME.
   808 | D:1      | 808 ||| READING 2 scrolls labelled SOPNOP QAXI.
   809 | D:1      | 809 ||| READING scroll labelled JUNEUZ NOAVVAC.
   810 | D:1      | 810 ||| DROPPING scroll of poison.
   884 | D:2      | 884 ||| FLEEEEING.
   885 | D:2      | 885 ||| STAIRDANCE
   906 | D:2      | 906 ||| STAIRDANCE
  1137 | D:2      | Found a white marble altar of Elyvilon.
  1211 | D:2      | Reached XP level 4. HP: 26/26 MP: 5/5
  1264 | D:2      | Noticed Sigmund
  1272 | D:2      | Killed Sigmund
  1273 | D:2      | Reached skill level 5 in Ranged Weapons
  1273 | D:2      | Reached XP level 5. HP: 30/30 MP: 6/6
  1367 | D:2      | Reached skill level 1 in Armour
  1367 | D:2      | Reached XP level 6. HP: 32/35 MP: 7/7
  1602 | D:2      | 1602 ||| UPGRADING to +0 pair of gloves.
  1607 | D:2      | 1607 ||| READING 4 scrolls labelled LOARAUPR GOMOKKOVU.
  1608 | D:2      | 1608 ||| READING 3 scrolls of enchant weapon.
  1608 | D:2      | 1608 ||| ENCHANTING +2 sling.
  1609 | D:2      | 1609 ||| READING 2 scrolls of enchant weapon.
  1609 | D:2      | 1609 ||| ENCHANTING +3 sling.
  1610 | D:2      | 1610 ||| READING scroll of enchant weapon.
  1610 | D:2      | 1610 ||| ENCHANTING +4 sling.
  1611 | D:2      | 1611 ||| READING scroll labelled QOSASU IS QIE.
  1612 | D:2      | 1612 ||| READING scroll labelled GENEPR YTEUZI.
  1931 | D:3      | Reached skill level 3 in Fighting
  2188 | D:3      | 2188 ||| UPGRADING to +0 pair of boots.
  2193 | D:3      | 2193 ||| READING scroll labelled FONGETRUPE.
  2194 | D:3      | 2194 ||| READING scroll labelled QEITOIH IMUGEL.
  2195 | D:3      | 2195 ||| READING scroll labelled RUSOEQ RUNI.
  2196 | D:3      | 2196 ||| DRINKING 2 fuming ruby potions.
  2218 | D:4      | 2218 ||| STAIRDANCE
  2218 | D:4      | HP: 8/37 [ogre/+0 giant spiked club (21)]
  2220 | D:3      | 2220 ||| READING 2 scrolls of teleportation.
  2295 | D:3      | 2295 ||| FLEEEEING.
  2296 | D:3      | 2296 ||| FLEEEEING.
  2297 | D:3      | 2297 ||| FLEEEEING.
  2298 | D:3      | 2298 ||| FLEEEEING.
  2299 | D:3      | 2299 ||| FLEEEEING.
  2300 | D:3      | 2300 ||| FLEEEEING.
  2301 | D:3      | 2301 ||| FLEEEEING.
  2302 | D:3      | 2302 ||| FLEEEEING.
  2303 | D:3      | 2303 ||| FLEEEEING.
  2306 | D:3      | 2306 ||| FLEEEEING.
  2307 | D:3      | 2307 ||| FLEEEEING.
  2308 | D:3      | 2308 ||| FLEEEEING.
  2309 | D:3      | 2309 ||| FLEEEEING.
  2310 | D:3      | 2310 ||| FLEEEEING.
  2314 | D:3      | 2314 ||| FLEEEEING.
  2315 | D:3      | 2315 ||| STAIRDANCE
  2433 | D:4      | Reached skill level 6 in Ranged Weapons
  2682 | D:4      | Reached XP level 7. HP: 43/43 MP: 8/8
  2777 | D:4      | Found a staircase to the Ecumenical Temple.
  2778 | D:4      | 2778 ||| PLANNING TEMPLE
  2778 | D:4      | 2778 ||| UPGRADING to +2 hat.
  2783 | D:4      | 2783 ||| DRINKING 2 brown potions.
  2817 | D:4      | 2817 ||| DROPPING potion of lignification.
  2822 | Temple   | Entered the Ecumenical Temple
  2840 | Temple   | 2840 ||| PLANNING OKAWARU WORSHIP
  3016 | Temple   | Became a worshipper of Warmaster Okawaru
  3017 | Temple   | 3017 ||| PLANNING D:1-11
  3059 | D:4      | Found a transporter.
  3065 | D:4      | Noticed a kobold demonologist
  3077 | D:4      | Found a transporter.
  3243 | D:5      | Entered Level 5 of the Dungeon
  3244 | D:5      | 3244 ||| PLANNING SEWER
  3457 | D:5      | Reached skill level 7 in Ranged Weapons
  3534 | D:5      | Noticed a slime creature
  3548 | D:5      | HP: 3/43 [slime creature (13)]
  3549 | D:5      | 3549 ||| READING 2 scrolls of teleportation.
  3551 | D:5      | Killed a slime creature
  3552 | D:5      | Reached skill level 3 in Armour
  3775 | D:5      | Reached XP level 8. HP: 48/48 MP: 9/9
  3829 | D:5      | Reached * piety under Okawaru
  3847 | D:5      | 3847 ||| INVOKING Heroism.
  3859 | D:5      | 3859 ||| INVOKING Heroism.
  3865 | D:5      | Reached skill level 8 in Ranged Weapons
  3902 | D:5      | 3902 ||| RIP SEWER
  3934 | D:5      | 3934 ||| PLANNING D:1-11
  4068 | D:5      | 4068 ||| INVOKING Heroism.
  4157 | D:5      | Noticed a slime creature
  4168 | D:5      | Killed a slime creature
  4176 | D:5      | 4176 ||| FLEEEEING.
  4240 | D:5      | 4240 ||| FLEEEEING.
  4323 | D:5      | Noticed Grinder
  4324 | D:5      | 4324 ||| INVOKING Heroism.
  4330 | D:5      | Paralysed by Grinder for 2 turns
  4339 | D:5      | 4339 ||| INVOKING Heroism.
  4340 | D:5      | 4340 ||| FLEEEEING.
  4344 | D:5      | 4344 ||| FLEEEEING.
  4345 | D:5      | 4345 ||| FLEEEEING.
  4346 | D:5      | 4346 ||| FLEEEEING.
  4347 | D:5      | 4347 ||| FLEEEEING.
  4348 | D:5      | 4348 ||| FLEEEEING.
  4349 | D:5      | 4349 ||| FLEEEEING.
  4353 | D:5      | 4353 ||| STAIRDANCE
  4437 | D:4      | 4437 ||| READING 2 scrolls of identify.
  4437 | D:4      | 4437 ||| IDENTIFYING smoky clear potion
  4438 | D:4      | 4438 ||| DROPPING potion of degeneration.
  4446 | D:5      | Killed Grinder
  4498 | D:5      | Reached skill level 1 in Invocations
  4719 | D:5      | 4719 ||| INVOKING Heroism.
  4724 | D:5      | Reached skill level 9 in Ranged Weapons
  4771 | D:5      | 4771 ||| READING 2 scrolls of identify.
  4771 | D:5      | 4771 ||| IDENTIFYING cyan potion
  4772 | D:5      | 4772 ||| DROPPING potion of invisibility.
  4822 | D:6      | 4822 ||| STAIRDANCE
  4925 | D:6      | 4925 ||| Stepping ~*~*~tactically~*~*~ (outnumbered).
  4930 | D:6      | Reached XP level 9. HP: 51/55 MP: 10/10
  4944 | D:6      | 4944 ||| INVOKING Heroism.
  4949 | D:6      | Reached skill level 6 in Fighting
  5139 | D:6      | 5139 ||| INVOKING Heroism.
  5483 | D:6      | 5483 ||| READING scroll labelled YBLULU COXOXTA.
  5484 | D:6      | 5484 ||| READING 2 scrolls of identify.
  5484 | D:6      | 5484 ||| IDENTIFYING white potion
  5541 | D:7      | 5541 ||| STAIRDANCE
  5546 | D:6      | 5546 ||| INVOKING Heroism.
  5607 | D:7      | Identified the +9 rapier "Jellyslayer" {venom, Dex+3}
  5608 | D:7      | 5608 ||| INVOKING Heroism.
  5682 | D:7      | Reached skill level 10 in Ranged Weapons
  5732 | D:7      | Identified the +0 leather armour of Inference {Fly rPois
                  | rF-}
  6148 | D:7      | Found a runed translucent gate.
  6148 | D:7      | Found a runed translucent gate.
  6148 | D:7      | Found a runed translucent gate.
  6153 | D:7      | Identified the +3 plate armour "Qousu" {Will+}
  6154 | D:7      | Noticed qw's ghost (novice MiHs)
  6170 | D:7      | 6170 ||| UPGRADING to +0 leather armour of Inference {Fly
                  | rPois rF-}.
  6218 | D:8      | 6218 ||| INVOKING Heroism.
  6226 | D:8      | HP: 11/57 [acid dragon/splash of acid (14)]
  6227 | D:8      | 6227 ||| READING scroll of teleportation.
  6404 | D:8      | Noticed Maggie
  6411 | D:8      | 6411 ||| INVOKING Heroism.
  6419 | D:8      | Reached skill level 3 in Dodging
  6426 | D:8      | HP: 2/57 [Maggie/bolt of fire (13)]
  6427 | D:8      | Slain by Maggie

Levels and vault maps discovered:
D:1:      lemuel_arrival_muddy, layout_basic, minmay_surrounded
D:2:      layout_loops_ring, basic_altar, uniq_sigmund
D:3:      minmay_angry_zag, layout_rooms, kennysheep_generic_room_11
D:4:      gammafunk_wand_slinger, layout_layer_cave,
          minmay_temple_entry_offerings, grunt_ministairs_8,
          roderic_roman_lattice, minmay_gold_behind_fungi
D:5:      cheibrodos_fertilizer, layout_loops_corners, portal_sewer_entry_b,
          uniq_grinder
D:6:      layout_gridville
D:7:      layout_cave_pools, biasface_ghost_orc_armoury, minmay_liquid_box
D:8:      layout_basic, enter_bailey_3, uniq_maggie, uniq_erica
Temple:   nicolae_temple_bog_church

Skill      XL: |  1  2  3  4  5  6  7  8  9 |
---------------+----------------------------+-----
Ranged Weapons | 3 5 6 7 9 10 | 10.0
Fighting       | 2 4 5 7 |  7.0
Armour         | 1 3 |  3.6
Invocations    | 1 2 |  2.6
Dodging        | 2 3 |  3.2
Spellcasting   | |  1.0
Hexes          | |  2.6

Action                     |  1- 3 |  4- 6 |  7- 9 || total
---------------------------+-------+-------+-------++-------
   Fire: Sling             |   126 |   173 |   355 ||   654
 Invoke: Heroism           |       |       |    12 ||    12
    Use: Scroll            |     3 |    10 |     6 ||    19
         Potion            |       |     1 |     1 ||     2
 Armour: Robe              |     8 |       |       ||     8
         Ring mail         |    37 |    58 |    90 ||   185
         Leather armour    |       |       |    12 ||    12
  Dodge: Dodged            |    60 |    49 |   115 ||   224

Table legend:
 A = Non-vault XP
 B = Vault XP
 C = Vault XP percentage of total XP
 D = Non-vault monster count
 E = Vault monster count
 F = Vault count percentage of total count
                 A         B        C        D         E       F
            +---------+---------+-------+---------+---------+-------
      Total |    2666 |    1291 |  32.6 |     145 |      31 |  17.6
            +---------+---------+-------+---------+---------+-------
        D:1 |      55 |       1 |   1.8 |      28 |       1 |   3.4
        D:2 |      64 |     214 |  77.0 |      21 |       1 |   4.5
        D:3 |     115 |       9 |   7.3 |      20 |       6 |  23.1
        D:4 |     232 |       2 |   0.9 |      20 |       1 |   4.8
        D:5 |     553 |    1065 |  65.8 |      14 |      22 |  61.1
        D:6 |     797 |       0 |   0.0 |      21 |       0 |   0.0
        D:7 |     533 |       0 |   0.0 |      18 |       0 |   0.0
        D:8 |     317 |       0 |   0.0 |       3 |       0 |   0.0
            +---------+---------+-------+---------+---------+-------
